 Dungeon Crawl Stone Soup version 0.29-a0-234-g0dae59b3db (webtiles) character file.

Game seed: 3293684703108921771

79 sammy202020 the Skirmisher (level 4, -2/36 HPs)
             Began as a Demonspawn Berserker on Mar 3, 2022.
             Was a Believer of Trog.
             Slain by a gnoll
             ... wielding a +0 whip
              (5 damage)
             ... on level 2 of the Dungeon.
             The game lasted 00:02:13 (1918 turns).

sammy202020 the Skirmisher (Demonspawn Berserker)   Turns: 1918, Time: 00:02:13

Health: -2/36      AC:  2    Str: 17    XL:     4   Next: 16%
Magic:  4/4        EV: 12    Int: 10    God:    Trog [**....]
Gold:   75         SH:  0    Dex: 13    Spells: 3/3 levels left

rFire   . . .      SeeInvis .   a - +0 mace
rCold   . . .      Faith    .   (no shield)
rNeg    . . .      Spirit   .   b - +0 animal skin
rPois   .          Reflect  .   (helmet restricted)
rElec   .          Harm     .   (no cloak)
rCorr   .          Rampage  .   (no gloves)
Will    .....                   (no boots)
Stlth   +.........              (no amulet)
HPRegen 0.12/turn               (no ring)
MPRegen 0.09/turn               (no ring)

@: on berserk cooldown, slowed, very slow
A: horns 1, demonic magic 1
a: Renounce Religion, Berserk, Trog's Hand


You were on level 2 of the Dungeon.
You worshipped Trog.
Trog was pleased with you.
You visited 1 branch of the dungeon, and saw 2 of its levels.

You collected 75 gold pieces.

Inventory:

Hand Weapons
 a - a +0 mace (weapon)
Armour
 b - a +0 animal skin (worn)
Scrolls
 c - 2 scrolls of identify {unknown}
 e - a scroll of immolation {unknown}
 g - a scroll of enchant armour {unknown}
Potions
 d - a potion of magic {unknown}
 f - 2 potions of invisibility {unknown}


   Skills:
 + Level 3.6 Fighting
 + Level 3.2 Maces & Flails
 + Level 2.5 Armour
 + Level 2.5 Dodging


You had 3 spell levels left.
You didn't know any spells.
Your spell library was empty.

Dungeon Overview and Level Annotations

Branches:
Dungeon (2/15)

Altars:

Shops:
D:1 [


Innate Abilities, Weirdness & Mutations

You have a pair of small horns on your head.
Spells you cast may paralyse adjacent enemies.


Message History

You kill the adder!
Trog accepts your kill.
You feel sick.
You have reached level 4!
You feel agile.
Your demonic ancestry asserts itself...
A menacing aura infuses your magic.
You hit the gnoll. Your headbutt misses the gnoll.
The gnoll is heavily wounded.
You feel sick. The gnoll barely misses you.
You hit the gnoll.
The gnoll is almost dead.
You feel sick. The gnoll hits you with a +0 flail.
A gnoll comes into view. It is wielding a +0 spear.
You barely miss the gnoll.
The gnoll shouts!
Your headbutt misses the gnoll.
The gnoll is almost dead.
You feel sick.
You hear a shout!
The gnoll hits you with a +0 flail!
* * * LOW HITPOINT WARNING * * *
You completely miss the gnoll. You headbutt the gnoll.
You kill the gnoll!
Trog accepts your kill.
You feel sick.
You are no longer poisoned.
A gnoll comes into view. It is wielding a +0 whip.
A gnoll comes into view. It is wielding a +0 halberd.
The gnoll shouts!
Things that are here:
a +0 flail; a +0 robe; an adder corpse Unknown command.
You feel a strong urge to attack something.
You are no longer berserk.
You are exhausted.
You feel yourself slow down.
The gnoll hits you from afar with a +0 spear!
* * * LOW HITPOINT WARNING * * *
The gnoll hits you with a +0 whip.
You die...

### ## ###..
. #..... .#
#.#.#.#.#
#.#?#.##
#..)#g##
..g..#g#...##
... #.#g#..>#
# ..#..@.#.#
..#
####..###.#
..# #......#
..# ######.#
..# #.#
..#########
#.#
..........#
#.#
..........#
### #.#
..(.......#
#.###.##


You could see 3 gnolls.

Vanquished Creatures
  A gnoll (D:2)
  2 adders (D:2)
  A dart slug (D:1)
  3 ball pythons
  4 endoplasms
  A giant cockroach (D:2)
  5 hobgoblins
  3 jackals (D:1)
  6 kobolds
  3 quokkas
  4 bats (D:1)
  6 frilled lizards
  5 goblins
  4 rats
48 creatures vanquished.

Notes
Turn   | Place    | Note
-------+----------+-------------------------------------------
     0 | D:1      | sammy202020 the Demonspawn Berserker began the quest for
                  | the Orb.
     0 | D:1      | Reached XP level 1. HP: 18/18 MP: 1/1
   164 | D:1      | Discovered your monstrous ancestry.
   164 | D:1      | Gained mutation: You have a pair of small horns on your
                  | head. [demonic ancestry]
   164 | D:1      | Reached XP level 2. HP: 21/24 MP: 2/2
   765 | D:1      | Reached ** piety under Trog
   786 | D:1      | Reached XP level 3. HP: 20/29 MP: 3/3
  1078 | D:1      | Found Yssint's Armour Shoppe.
  1910 | D:2      | Gained mutation: Spells you cast may paralyse adjacent
                  | enemies. [demonic ancestry]
  1910 | D:2      | Reached XP level 4. HP: 27/35 MP: 4/4
  1918 | D:2      | Slain by a gnoll

Illustrated notes

Levels and vault maps discovered:
D:1:      giann_forest_graveyard, layout_basic, serial_shops, shop_fountains,
          minmay_surrounded
D:2:      layout_basic, minmay_tiny_reverse_x

Skill      XL: |  1  2 |
---------------+-------+-----
Dodging        | 2 |  2.5
Armour         | 2 |  2.5
Maces & Flails | 3 |  3.2
Fighting       | |  3.6

Action                   |  1- 3 |  4- 6 || total
-------------------------+-------+-------++-------
Melee: Mace              |    98 |     4 ||   102
       Headbutt          |    13 |     1 ||    14
       Punch             |     1 |       ||     1
Invok: Berserk           |     1 |       ||     1
 Stab: Sleeping          |     3 |       ||     3
Armor: Animal skin       |    24 |       ||    24
Dodge: Dodged            |    69 |     1 ||    70

Table legend: (Time is in decaauts)
 A = Elapsed time spent in this place.
 B = Non-inter-level travel time spent in this place.
 C = Inter-level travel time spent in this place.
 D = Time resting spent in this place.
 E = Time spent auto-exploring this place.
 F = Levels seen in this place.
 G = Mean time per level.
                   A        B        C        D        E       F      G
               +--------+--------+--------+--------+--------+-----+--------+
         Total |   1941 |   1908 |     33 |    184 |   1414 |   2 |  970.5 |
       Dungeon |   1941 |   1908 |     33 |    184 |   1414 |   2 |  970.5 |
               +--------+--------+--------+--------+--------+-----+--------+

Top non-repeatable levels by time:
     D:1: 1482 daAuts
     D:2: 459 daAuts
